 Dungeon Crawl Stone Soup version 0.22-a0-406-g9ff8d77 (webtiles) character file.

256192 dstrtnsr the Pandemonic (level 19, 0/182 HPs)
             Began as a Deep Dwarf Fighter on May 8, 2018.
             Was a High Priest of Makhleb.
             Killed from afar by a quicksilver dragon (35 damage)
             ... with a bolt of dispelling energy
             ... on level 5 of the Vaults.
             The game lasted 00:39:14 (19389 turns).

dstrtnsr the Pandemonic (Deep Dwarf Fighter)       Turns: 19389, Time: 00:39:15

Health: 0/182      AC: 35    Str: 26    XL:     19   Next: 6%
Magic:  7/7        EV: 11    Int: 13    God:    Makhleb [*****.]
Gold:   1420       SH: 21    Dex: 12    Spells: 18/18 levels left

rFire    + . .     SeeInvis .   j - +2 war axe (elec)
rCold    . . .     Gourm    .   w - +0 large shield
rNeg     + . .     Faith    .   d - +12 plate armour of Gravitas {Int+2 Stlth+}
rPois    .         Spirit   .   h - +2 helmet
rElec    .         Reflect  .   a - +2 cloak
rCorr    .         Harm     .   H - +0 pair of gloves
MR       ++...                  (no boots)
Stlth    ..........             T - amulet of the acrobat
HPRegen  0.00/turn              f - ring of protection from fire
MPRegen  0.10/turn              x - +6 ring of slaying

@: non-regenerating, drained
A: damage resistance, heal wounds, negative energy resistance 1, sense
surroundings 3, no regeneration
}: 2/15 runes: decaying, serpentine
a: Heal Wounds, Minor Destruction, Lesser Servant of Makhleb, Major Destruction,
Greater Servant of Makhleb, Renounce Religion


You were on level 5 of the Vaults.
You worshipped Makhleb.
Makhleb was extremely pleased with you.
You were hungry.

You visited 6 branches of the dungeon, and saw 35 of its levels.
You visited the Abyss 1 time.

You collected 1813 gold pieces.
You spent 393 gold pieces at shops.

Inventory:

Hand Weapons
 j - a +2 war axe of electrocution (weapon)
Missiles
 J - a throwing net (quivered)
Armour
 a - a +2 cloak (worn)
 c - +0 fire dragon scales
 d - the +12 plate armour of Gravitas (worn) {Int+2 Stlth+}
   (You found it on level 7 of the Dungeon)

   It affects your intelligence (+2).
   It makes you more stealthy.
 h - a +2 helmet (worn)
 i - +0 swamp dragon scales
 w - a +0 large shield (worn)
 H - a +0 pair of gloves (worn)
Jewellery
 f - a ring of protection from fire (left hand)
 x - a +6 ring of slaying (right hand)
 E - an uncursed ring of resist corrosion {unknown}
 P - an uncursed ring of flight {unknown}
 Q - a +3 ring of intelligence {unknown}
 S - an uncursed ring of wizardry {unknown}
 T - an amulet of the acrobat (around neck)
Wands
 l - a wand of scattershot (8)
 A - a wand of disintegration (5)
 C - a wand of acid (13)
 I - a wand of iceblast (14)
 V - a wand of digging (13)
Scrolls
 b - 3 scrolls of teleportation {!d}
 k - a scroll of silence
 r - 6 scrolls of magic mapping
 s - 8 scrolls of remove curse {@r2}
 t - a scroll of fear
 v - 4 scrolls of enchant weapon
 y - a scroll of brand weapon {unknown}
 D - a scroll of noise
 F - 2 scrolls of fog
 G - a scroll of immolation
 L - a scroll of torment {unknown}
 N - a scroll of enchant armour
 R - a scroll of identify {@r1}
Potions
 g - 6 potions of brilliance
 m - 3 potions of flight
 n - a potion of might
 o - a potion of haste
 p - 4 potions of heal wounds
 q - a potion of berserk rage
 z - 2 potions of cancellation
 B - a potion of agility
 M - a potion of invisibility
 O - a potion of ambrosia {unknown}
Miscellaneous
 K - a lamp of fire
Comestibles
 e - 25 rations {!d}


   Skills:
 * Level 14.2(14.0) Fighting
 - Level 18.0(17.8) Axes
 + Level 10.6(10.4) Armour
 + Level 11.1(11.0) Dodging
 + Level 16.4(16.3) Shields
 * Level 21.1(20.9) Invocations


You had 18 spell levels left.
You didn't know any spells.

Dungeon Overview and Level Annotations

Branches:
Dungeon (15/15)            Temple (1/1) D:7            Lair (6/6) D:8
  Swamp (4/4) Lair:4        Snake (4/4) Lair:3        Slime (0/5) Lair:6
    Orc (0/2) D:11         Vaults (5/5) D:14          Crypt (0/3) Vaults:2
 Depths (0/5) D:15

Altars:
Ashenzari
Elyvilon
Fedhas
Gozag
Hepliaklqana
Makhleb
Nemelex Xobeh
Okawaru
Qazlal
Ru
Sif Muna
Trog
Uskayaw
Vehumet
Wu Jian
Xom
Yredelemnul
Zin
The Shining One
Beogh
Jiyva

Shops:
D:7 %   Vaults:3 (

Annotations:
Swamp:3 exclusion: oklob plant


Innate Abilities, Weirdness & Mutations

You are resistant to damage.
You can heal yourself by infusing magical energy.
You resist negative energy. (rN+)
You passively map a large area around you.
You do not regenerate.


Message History

Your blizzard demon misses the quicksilver dragon.
Your blizzard demon hits the quicksilver dragon.
You block the golden dragon's attack. x2
The golden dragon tramples you but does no damage.
Unknown command.
Unknown command.
You feel much better.
The quicksilver dragon breathes dispelling energy at your blizzard demon.
The bolt of dispelling energy hits your blizzard demon.
The golden dragon breathes fire at you. The bolt of fire hits you! You resist.
* * * LOW HITPOINT WARNING * * *
Your blizzard demon hits the quicksilver dragon!
Your blizzard demon completely misses the quicksilver dragon.
The quicksilver dragon barely misses your blizzard demon.
The quicksilver dragon completely misses your blizzard demon.
A titan comes into view.
Unknown command.
Unknown command.
You feel much better.
The quicksilver dragon bites your blizzard demon but does no damage.
The quicksilver dragon claws your blizzard demon!
You block the golden dragon's attack. x2
The golden dragon tramples you but does no damage.
Your blizzard demon hits the quicksilver dragon but does no damage.
Your blizzard demon hits the quicksilver dragon!
Unknown command.
Unknown command.
You feel much better.
You block the quicksilver dragon's attack. x2
Your smoke demon hits the golden dragon but does no damage. x3
Your blizzard demon gestures at the quicksilver dragon.
The bolt of cold misses the quicksilver dragon.
The bolt of cold hits the titan.
The golden dragon bites your smoke demon!!
The golden dragon claws your smoke demon.
The golden dragon tramples your smoke demon.
Your smoke demon is shoved backwards!
The quicksilver dragon bites you but does no damage.
The quicksilver dragon claws you!
Unknown command.
Unknown command.
You feel protected.
Your smoke demon hits the golden dragon but does no damage. x2
Your smoke demon hits the golden dragon.
The quicksilver dragon breathes dispelling energy at you.
The bolt of dispelling energy hits you!
Your magical effects are unravelling.
You block the storm dragon's attack.
The storm dragon claws you but does no damage.
You block the storm dragon's attack. The golden dragon barely misses you. x2
The golden dragon tramples you but does no damage.
Your blizzard demon barely misses the quicksilver dragon.
Your blizzard demon misses the quicksilver dragon.
A titan comes into view.
Unknown command.
You barely miss the quicksilver dragon.
The quicksilver dragon is severely wounded.
You slash the storm dragon! You slash the golden dragon!
You feel a little less mighty now.
Your resistance to elements expires.
The quicksilver dragon breathes dispelling energy at you.
The bolt of dispelling energy hits you!
Your smoke demon gestures at the golden dragon.
The sticky flame hits the golden dragon.
The golden dragon appears unharmed.
The golden dragon is covered in liquid flames!
You block the storm dragon's attack.
The storm dragon claws you but does no damage.
The storm dragon tramples you.
You stumble backwards!
Unknown command.
You closely miss the storm dragon.
The storm dragon is almost dead.
The quicksilver dragon bites your blizzard demon.
The quicksilver dragon claws your blizzard demon.
Your blizzard demon hits the quicksilver dragon. x2
Your smoke demon hits the golden dragon but does no damage.
Your smoke demon closely misses the golden dragon.
Your smoke demon hits the golden dragon but does no damage.
You block the storm dragon's attack. x3
Unknown command.
You hit the storm dragon but do no damage.
The storm dragon is almost dead.
You slash the golden dragon!
The golden dragon burns!
The quicksilver dragon bites your blizzard demon but does no damage.
The quicksilver dragon claws your blizzard demon.
The golden dragon breathes cold at you. The bolt of cold hits you!
* * * LOW HITPOINT WARNING * * *
Your blizzard demon barely misses the quicksilver dragon.
Your blizzard demon hits the quicksilver dragon but does no damage.
Your smoke demon hits the golden dragon but does no damage. x2
Your smoke demon closely misses the golden dragon.
Unknown command.
You hit the storm dragon but do no damage.
The storm dragon is almost dead.
You hit the golden dragon.
The golden dragon burns!
The quicksilver dragon breathes dispelling energy at you.
The bolt of dispelling energy misses your blizzard demon.
The bolt of dispelling energy hits you!
You die...

,,,,,,,,,,,,,,,,,,,,,,,,,*
######****####*******,,,,*
.3...#,,,,,...,,,,,,,,,,,*
)2...#,,,,,#..,,,,,,,,*,,*
3....#,,,,,#..,,,,,,,,*,,*
############..####,,,,*,,*
......)....#..C.3#,,,,*,,*
........)..#.CDDD#,,,,*,,*
#########..####2@#,,,,*,,*
,...........}:#..#,,,,*,,*
,,...........}#..#,,,,*,,*
**####..#..#..#..#,,,,*,,*
,,,,,#)....#..#..#,,,,*,,*
,,,,,#.....#..#..#,,,,*,,*
***,,####..#..#..#,,,,*,,*
,,,,,,,,#..#†.#..#,,,,*,,*
,,,,,,,,#..#..#..#,,,,*,,*


You could see 2 titans, a golden dragon (burning), a storm dragon, a quicksilver
dragon, a friendly blizzard demon and a friendly smoke demon.

Vanquished Creatures
  Xtahua (Vaults:3)
  A tentacled monstrosity (Vaults:3)
  A tentacled starspawn (Abyss:1)
  A shadow dragon (Vaults:5)
  2 thorn hunters (Swamp:4)
  A tengu reaver (Vaults:5)
  9 nagarajas (Snake:4)
  2 fire giants
  A frost giant (Vaults:4)
  11 vault wardens
  5 ironheart preservers
  6 stone giants
  2 entropy weavers (Vaults:5)
  A deep elf demonologist (Vaults:4)
  Nessos (D:13)
  An eidolon (Vaults:2)
  4 fire dragons
  A deep elf death mage (Vaults:2)
  2 great orbs of eyes
  A jiangshi (Vaults:2)
  6 ogre magi
  Erolcha (D:11)
  3 vault guards (D:14)
  7 naga warriors (Snake:4)
  2 yaktaur captains
  2 rakshasas
  An ice dragon (Vaults:3)
  Erica (D:8)
  12 hydras
  7 centaur warriors
  2 anacondas
  8 alligators
  24 two-headed ogres
  6 death yaks (Lair:6)
  7 naga sharpshooters
  2 shock serpents
  A large abomination (Abyss:1)
  9 deep elf knights
  Nergalle (Lair:1)
  A fire crab (Swamp:4)
  2 salamander mystics (Snake:4)
  A shadow wraith (Vaults:3)
  4 spriggans
  2 flayed ghosts
  3 skeletal warriors
  A storm dragon skeleton (Vaults:1)
  An unseen horror (D:13)
  A sea snake (Snake:2)
  3 deep elf archers (Vaults:4)
  Pikel (D:4)
  6 naga ritualists (Snake:4)
  3 swamp dragons
  A tengu zombie (Vaults:3)
  3 shambling mangroves
  A lindwurm (Swamp:4)
  A spriggan druid (Swamp:4)
  7 orc knights
  3 harpies (Vaults:2)
  3 necromancers
  6 ironbrand convokers
  3 wizards
  10 ugly things
  5 mana vipers
  17 deep elf magi
  A wolf spider (Vaults:3)
  2 cyclopes
  A human zombie (Vaults:3)
  5 salamanders
  A manticore (D:15)
  14 black mambas
  7 elephants
  3 guardian serpents
  5 naga magi
  Maurice (D:10)
  A fire giant skeleton (D:15)
  3 vault sentinels
  Psyche (D:8)
  An orc skeleton (Vaults:1)
  28 spiny frogs
  2 gargoyles (D:14)
  A torpor snail (Lair:2)
  27 yaktaurs
  7 komodo dragons
  4 rime drakes
  3 freezing wraiths
  A tengu conjurer (D:14)
  A yaktaur skeleton (Vaults:3)
  3 meliai (Lair:4)
  Prince Ribbit (D:8)
  5 trolls
  A queen bee (Lair:4)
  A polar bear (Lair:6)
  3 bog bodies
  7 hornets
  25 blink frogs
  20 slime creatures
  10 tyrant leeches
  Grinder (D:5)
  7 hippogriffs
  A fire dragon zombie (D:15)
  2 wraiths
  3 redbacks (Vaults:5)
  2 shadows
  A tarantella (Vaults:5)
  Eustachio (D:5)
  29 yaks
  An ettin skeleton (Vaults:3)
  2 wyverns
  A vampire (D:13)
  A basilisk (Lair:6)
  A fire elemental (Swamp:4)
  A hog (shapeshifter) (Vaults:4)
  A steam dragon (Swamp:4)
  A fire bat (Abyss:1)
  Grum (D:8)
  A hungry ghost (D:7)
  11 vampire mosquitoes
  3 wargs
  Menkaure (D:7)
  7 swamp worms
  16 water moccasins
  25 nagas
  6 porcupines
  16 orc warriors
  5 swamp drakes (Swamp:4)
  3 black bears
  2 eyes of draining
  2 sky beasts
  5 necrophages
  An ice beast (Vaults:3)
  20 ogres
  4 boggarts (Vaults:3)
  8 wolves
  6 centaurs
  14 crocodiles
  3 big kobolds
  29 bullfrogs
  A glowing shapeshifter simulacrum (Vaults:3)
  A wyvern skeleton (D:6)
  7 scorpions
  15 wights
  A human simulacrum (Vaults:1)
  16 killer bees (Lair:4)
  4 electric eels
  5 howler monkeys
  3 crimson imps
  2 bullfrog zombies
  5 centaur zombies
  3 jellies (D:13)
  Crazy Yiuf (D:5)
  3 hounds
  9 orc priests
  3 centaur skeletons
  13 orc wizards
  3 bullfrog skeletons
  7 iguanas
  12 worker ants
  A hound skeleton (D:6)
  A hound zombie (D:10)
  A worker ant zombie (D:11)
  6 gnolls (D:8)
  A howler monkey skeleton (D:7)
  11 adders
  2 shadow imps
  5 oozes (D:13)
  A worm (D:2)
  3 dart slugs
  5 leopard geckos
  74 orcs
  4 bats
  2 giant cockroaches
  3 goblins (D:1)
  6 hobgoblins
  3 jackals (D:8)
  14 kobolds
  A quokka (D:3)
  5 ball pythons
  5 frilled lizards
  A leopard gecko zombie (D:8)
  A quokka skeleton (D:5)
  A quokka zombie (D:8)
  9 rats
  9 fungi
  3 plants
  2 starspawn tentacles (Abyss:1)
980 creatures vanquished.

Vanquished Creatures (collateral kills)
  The ghost of Salmacis the Slayer, a veteran HOFi of Okawaru (Vaults:5)
  Vashnia (Snake:4)
  A tentacled monstrosity (Vaults:5)
  A lich (Vaults:3)
  Frances (D:13)
  A nagaraja (Snake:4)
  An ironheart preserver (Vaults:2)
  A stone giant (Vaults:5)
  A very ugly thing (Vaults:5)
  3 ogre magi
  A vault guard (D:14)
  A naga warrior (Snake:4)
  A hydra (Swamp:4)
  2 alligators
  2 naga sharpshooters
  3 shock serpents
  A deep elf knight (D:14)
  2 skeletal warriors
  3 salamander mystics (Snake:4)
  3 naga ritualists (Snake:4)
  2 swamp dragons (Swamp:4)
  A phantasmal warrior (Vaults:5)
  2 deep elf magi
  An orc knight (D:14)
  A cyclops (Vaults:2)
  A frost giant zombie (D:15)
  A guardian serpent (Snake:4)
  A black mamba (Snake:4)
  A centaur zombie (D:15)
  A spiny frog (Swamp:4)
  A bog body (Swamp:4)
  2 tyrant leeches (Swamp:2)
  2 slime creatures (Swamp:2)
  2 hornets (Swamp:4)
  A tarantella (Vaults:5)
  4 vampire mosquitoes (Swamp:4)
  6 nagas (Snake:4)
  A swamp worm (Swamp:4)
  3 swamp drakes (Swamp:4)
  An orc warrior (D:14)
  An ogre (Vaults:2)
67 creatures vanquished.

Vanquished Creatures (others)
  A hydra (Swamp:4)
  A fire crab (Swamp:4)
  A naga ritualist (Snake:4)
  A swamp dragon (Swamp:4)
  A spriggan (Swamp:4)
  A redback (Vaults:5)
  A steam dragon (Swamp:4)
  A swamp worm (Swamp:4)
  3 swamp drakes (Swamp:4)
  An orc wizard (D:8)
  An ufetubus (Abyss:1)
  23 fungi
  A lurking horror (Abyss:1)
  57 plants
  A starspawn tentacle (Abyss:1)
95 creatures vanquished.

Grand Total: 1142 creatures vanquished

Notes
Turn   | Place    | Note
-------+----------+-------------------------------------------
     0 | D:1      | dstrtnsr the Deep Dwarf Fighter began the quest for the Orb.
     0 | D:1      | Reached XP level 1. HP: 20/20 MP: 1/1
   169 | D:1      | Reached XP level 2. HP: 27/27 MP: 2/2
   405 | D:2      | Reached XP level 3. HP: 28/34 MP: 3/3
   786 | D:4      | Reached XP level 4. HP: 30/42 MP: 4/4
   918 | D:4      | Found a sacrificial altar of Ru.
  1032 | D:4      | Noticed a slave
  1033 | D:4      | Noticed Pikel
  1034 | D:4      | Noticed a slave
  1035 | D:4      | Noticed a slave
  1048 | D:4      | Paralysed by Pikel for 2 turns
  1052 | D:4      | Noticed a slave
  1071 | D:4      | Killed Pikel
  1071 | D:4      | Reached skill level 5 in Armour
  1071 | D:4      | Reached skill level 5 in Shields
  1071 | D:4      | Reached XP level 5. HP: 34/51 MP: 5/5
  1071 | D:4      | Reached XP level 6. HP: 39/58 MP: 6/6
  1071 | D:4      | Reached XP level 7. HP: 45/66 MP: 7/7
  1573 | D:5      | Entered Level 5 of the Dungeon
  1597 | D:5      | Reached skill level 5 in Axes
  1710 | D:5      | HP: 24/66 [orc/short sword of distortion (15)]
  1735 | D:5      | Noticed Grinder
  1741 | D:5      | Killed Grinder
  1741 | D:5      | Reached skill level 5 in Fighting
  1741 | D:5      | Reached XP level 8. HP: 67/74 MP: 7/7
  1921 | D:5      | Noticed Eustachio
  1944 | D:5      | Killed Eustachio
  2131 | D:5      | Found a runed door.
  2269 | D:5      | Noticed Crazy Yiuf
  2271 | D:5      | Paralysed by Crazy Yiuf for 6 turns
  2279 | D:5      | Killed Crazy Yiuf
  2528 | D:6      | HP: 29/76 [wight/enchanted halberd (11)]
  2609 | D:6      | Gained mutation: You passively map the area around you. [Deep Dwarf growth]
  2609 | D:6      | Reached XP level 9. HP: 45/82 MP: 8/8
  2918 | D:7      | Found a transporter.
  3122 | D:7      | Noticed Menkaure
  3128 | D:7      | Killed Menkaure
  3129 | D:7      | HP: 29/84 [ogre/giant club (18)]
  3339 | D:7      | HP: 27/85 [orc warrior/flail (10)]
  3430 | D:7      | Found a roughly hewn altar of Beogh.
  3433 | D:7      | Noticed a two-headed ogre
  3451 | D:7      | HP: 29/85 [orc priest/divine providence (7)]
  3456 | D:7      | HP: 20/85 [two-headed ogre/dire flail (16)]
  3461 | D:7      | HP: 31/85 [two-headed ogre/dire flail (12)]
  3466 | D:7      | Killed a two-headed ogre
  3500 | D:7      | Got a pitted plate armour
  3511 | D:7      | Identified the +12 plate armour of Gravitas {Int+2 Stlth+} (You found it on level 7 of the Dungeon)
  3537 | D:7      | Found a transporter.
  3580 | D:7      | Found Buademus's Food Shoppe.
  3663 | D:8      | Noticed a troll
  3672 | D:8      | Noticed a troll
  3673 | D:8      | Killed a troll
  3673 | D:8      | Reached XP level 10. HP: 50/94 MP: 7/7
  3689 | D:8      | HP: 36/94 [troll (7)]
  3700 | D:8      | Noticed a two-headed ogre
  3701 | D:8      | Noticed Psyche
  3711 | D:8      | Cast into level 1 of the Abyss (Psyche)
  3744 | Abyss:1  | Noticed a black draconian
  3771 | Abyss:1  | HP: 31/94 [black draconian/bolt of lightning (22)]
  3776 | Abyss:1  | HP: 19/94 [black draconian/bolt of lightning (19)]
  3786 | Abyss:1  | Noticed an orb spider
  3786 | Abyss:1  | a polar bear changed into an orb spider
  3823 | Abyss:1  | Noticed a spatial maelstrom
  3834 | Abyss:1  | Found a corrupted altar of Lugonu.
  3837 | Abyss:1  | HP: 21/94 [spatial maelstrom (22)]
  3922 | Abyss:1  | HP: 14/94 [fire bat (4)]
  3926 | Abyss:1  | Noticed a tentacled starspawn
  3927 | Abyss:1  | Noticed a large abomination
  3928 | Abyss:1  | HP: 35/94 [large abomination (20)]
  3942 | Abyss:1  | HP: 18/94 [tentacled starspawn (24)]
  3942 | Abyss:1  | HP: 7/94 [starspawn tentacle[a tentacled starspawn] (2)]
  3954 | Abyss:1  | Killed a tentacled starspawn
  3971 | Abyss:1  | HP: 34/96 [large abomination (15)]
  3977 | Abyss:1  | HP: 30/96 [large abomination (20)]
  3983 | Abyss:1  | Killed a large abomination
  3985 | D:8      | Escaped the Abyss
  4035 | D:8      | Killed a two-headed ogre
  4095 | D:8      | Found a sand-covered staircase.
  4099 | D:8      | Noticed Erica
  4143 | D:8      | HP: 27/96 [Erica/orb of energy (18)]
  4151 | D:8      | Killed Erica
  4151 | D:8      | Reached skill level 10 in Armour
  4151 | D:8      | Reached skill level 10 in Shields
  4151 | D:8      | Reached XP level 11. HP: 29/104 MP: 4/4
  4224 | D:8      | Found a deep blue altar of Sif Muna.
  4327 | D:8      | Noticed a two-headed ogre
  4345 | D:8      | Killed a two-headed ogre
  4572 | D:8      | Found a glowing silver altar of Zin.
  4713 | D:8      | Noticed Grum
  4730 | D:8      | Killed Grum
  4737 | D:8      | Reached skill level 10 in Axes
  4755 | D:8      | Killed Psyche
  4783 | D:8      | Noticed Prince Ribbit
  4798 | D:8      | HP: 36/104 [Prince Ribbit (9)]
  4922 | D:8      | Found a staircase to the Lair.
  5374 | D:7      | Found a staircase to the Ecumenical Temple.
  5379 | Temple   | Entered the Ecumenical Temple
  5562 | Temple   | Became a worshipper of Makhleb the Destroyer
  5637 | D:8      | HP: 40/104 [Prince Ribbit (8)]
  5657 | Lair:1   | Entered Level 1 of the Lair of Beasts
  5687 | Lair:1   | Reached skill level 1 in Invocations
  5711 | Lair:1   | Reached skill level 2 in Invocations
  5895 | Lair:1   | Noticed a four-headed hydra
  5900 | Lair:1   | HP: 39/106 [four-headed hydra (9)]
  5903 | Lair:1   | Killed a five-headed hydra
  5903 | Lair:1   | Reached skill level 3 in Invocations
  5913 | Lair:1   | HP: 33/106 [porcupine's spines (6)]
  5962 | Lair:1   | Reached skill level 4 in Invocations
  5971 | Lair:1   | Noticed Nergalle
  5976 | Lair:1   | Found a frozen archway.
  5985 | Lair:1   | HP: 22/106 [rime drake/flash freeze (33)]
  5992 | Lair:1   | Killed Nergalle
  6336 | Lair:2   | HP: 39/106 [spiny frog (7)]
  6340 | Lair:2   | Reached skill level 5 in Invocations
  6372 | Lair:2   | Reached * piety under Makhleb
  6385 | Lair:2   | Reached XP level 12. HP: 61/114 MP: 4/4
  6488 | Lair:2   | Noticed a six-headed hydra
  6497 | Lair:2   | Killed a six-headed hydra
  6497 | Lair:2   | Reached skill level 6 in Invocations
  6664 | Lair:2   | Reached skill level 7 in Invocations
  7077 | Lair:3   | Found a staircase to the Snake Pit.
  7096 | Lair:3   | Reached ** piety under Makhleb
  7096 | Lair:3   | Reached skill level 8 in Invocations
  7329 | Lair:3   | Reached skill level 9 in Invocations
  7504 | Lair:3   | Reached skill level 10 in Fighting
  7848 | Lair:4   | Reached *** piety under Makhleb
  7848 | Lair:4   | HP: 46/116 [meliai/war axe of flaming (3)]
  7850 | Lair:4   | HP: 22/116 [meliai/divine providence (5)]
  7852 | Lair:4   | HP: 7/116 [poisoned by a killer bee]
  7857 | Lair:4   | HP: 55/174 [meliai/war axe of flaming (3)]
  7861 | Lair:4   | Reached XP level 13. HP: 82/123 MP: 6/6
  7945 | Lair:4   | Found a staircase to the Swamp.
  7959 | Lair:4   | HP: 72/184 [poisoned by a swamp dragon (poison gas)]
  7964 | Lair:4   | Reached skill level 10 in Invocations
  8042 | Lair:4   | HP: 49/123 [spiny frog (11)]
  8095 | Lair:4   | Found a labyrinth entrance.
  9007 | Lair:5   | Found a dark tunnel.
  9120 | Lair:6   | Entered Level 6 of the Lair of Beasts
  9207 | Lair:6   | Reached skill level 11 in Invocations
  9211 | Lair:6   | Reached **** piety under Makhleb
  9468 | Lair:6   | HP: 47/124 [tyrant leech (6)]
  9485 | Lair:6   | Reached skill level 12 in Invocations
  9511 | Lair:6   | HP: 44/124 [spiny frog (13)]
  9545 | Lair:6   | Reached ***** piety under Makhleb
  9575 | Lair:6   | Gained mutation: You resist negative energy. (rN+) [Deep Dwarf growth]
  9575 | Lair:6   | Reached XP level 14. HP: 91/133 MP: 9/9
  9919 | Lair:6   | Found a staircase to the Slime Pits.
  9920 | Lair:6   | Found a viscous altar of Jiyva.
  9929 | Lair:6   | Reached skill level 13 in Invocations
 10425 | D:9      | Found a sparkling altar of Nemelex Xobeh.
 10564 | D:10     | Entered Level 10 of the Dungeon
 10576 | D:10     | Noticed Maurice
 10586 | D:10     | Killed Maurice
 10864 | D:11     | Noticed Erolcha
 10871 | D:11     | Killed Erolcha
 10919 | D:11     | Found a staircase to the Orcish Mines.
 11288 | D:13     | Noticed Nessos
 11304 | D:13     | Killed Nessos
 11386 | D:13     | Found a viscous altar of Jiyva.
 11390 | D:13     | Reached ****** piety under Makhleb
 11390 | D:13     | Reached skill level 15 in Axes
 11837 | D:13     | Reached skill level 14 in Invocations
 12014 | D:13     | Noticed Frances
 12032 | D:13     | Killed Frances
 12032 | D:13     | Reached skill level 1 in Dodging
 12480 | D:14     | Found a shattered altar of Ashenzari.
 12645 | D:14     | Paralysed by an ogre mage for 6 turns
 12730 | D:14     | Found a gate to the Vaults.
 12789 | D:15     | Entered Level 15 of the Dungeon
 12896 | D:15     | Reached XP level 15. HP: 94/142 MP: 11/11
 12918 | D:15     | Found a staircase to the Depths.
 13284 | D:8      | Killed Prince Ribbit
 13361 | Swamp:1  | Entered Level 1 of the Swamp
 13595 | Swamp:2  | Reached skill level 15 in Invocations
 13818 | Swamp:4  | Entered Level 4 of the Swamp
 13818 | Swamp:4  | Noticed a thorn hunter
 13822 | Swamp:4  | Noticed a thorn hunter
 13838 | Swamp:4  | Killed a thorn hunter
 14030 | Swamp:4  | Killed a thorn hunter
 14099 | Swamp:4  | Reached skill level 5 in Dodging
 14126 | Swamp:4  | Got a pitted hand axe
 14191 | Swamp:4  | Reached skill level 16 in Invocations
 14226 | Swamp:4  | Got a decaying rune of Zot
 14379 | Snake:1  | Entered Level 1 of the Snake Pit
 14548 | Snake:2  | Identified the +7 hand axe of Sin {pain, *Noise rF+ rN+} (You found it on level 4 of the Swamp)
 14609 | Snake:2  | HP: 54/144 [shock serpent/bolt of electricity (14)]
 14669 | Snake:2  | Reached XP level 16. HP: 108/152 MP: 14/14
 14775 | Snake:4  | Entered Level 4 of the Snake Pit
 14968 | Snake:4  | Noticed Vashnia
 15004 | Snake:4  | Killed Vashnia
 15273 | Snake:4  | HP: 58/153 [nagaraja/orb of energy (21)]
 15285 | Snake:4  | Reached skill level 17 in Invocations
 15314 | Snake:4  | HP: 61/154 [nagaraja/flail (1)]
 15320 | Snake:4  | HP: 57/154 [poisoned by a nagaraja (poison arrow)]
 15325 | Snake:4  | HP: 32/154 [poisoned by a naga ritualist (toxic radiance)]
 15402 | Snake:4  | HP: 60/154 [poisoned by a naga ritualist (toxic radiance)]
 15407 | Snake:4  | HP: 54/154 [poisoned by a naga mage (splash of poison)]
 15509 | Snake:4  | HP: 60/154 [naga warrior/long sword (4)]
 15512 | Snake:4  | HP: 17/154 [nagaraja/poison arrow (24)]
 15517 | Snake:4  | HP: 46/154 [poisoned by a nagaraja (splash of poison)]
 15522 | Snake:4  | HP: 44/154 [poisoned by a nagaraja (splash of poison)]
 15529 | Snake:4  | HP: 59/154 [poisoned by a nagaraja (splash of poison)]
 15619 | Snake:4  | HP: 60/154 [naga warrior/halberd (2)]
 15625 | Snake:4  | HP: 59/154 [naga warrior/long sword (15)]
 15631 | Snake:4  | HP: 60/154 [poisoned by a naga ritualist (toxic radiance)]
 15636 | Snake:4  | HP: 57/154 [poisoned by a naga ritualist (splash of poison)]
 15641 | Snake:4  | HP: 43/154 [poisoned by a naga ritualist (splash of poison)]
 15646 | Snake:4  | HP: 32/154 [poisoned by a naga (splash of poison)]
 15653 | Snake:4  | Got a serpentine rune of Zot
 16103 | Vaults:1 | Entered Level 1 of the Vaults
 16132 | Vaults:1 | Reached XP level 17. HP: 107/162 MP: 7/7
 16360 | Vaults:2 | Reached skill level 18 in Invocations
 16396 | Vaults:2 | HP: 55/162 [vault warden/great sword (10)]
 16401 | Vaults:2 | HP: 45/162 [two-headed ogre/giant club (6)]
 16403 | Vaults:2 | HP: 19/162 [something (4)]
 16412 | Vaults:2 | HP: 62/162 [yaktaur/bolt (12)]
 16418 | Vaults:2 | Found a deep blue altar of Sif Muna.
 16456 | Vaults:2 | Found a staircase to the Crypt.
 16523 | Vaults:2 | Reached skill level 15 in Shields
 16758 | Vaults:3 | Found Causoifi's Weapon Shoppe.
 16818 | Vaults:3 | Bought a +2 war axe of electrocution for 393 gold pieces
 17141 | Vaults:3 | Reached skill level 19 in Invocations
 17437 | Vaults:3 | Gained mutation: You passively map a large area around you. [Deep Dwarf growth]
 17437 | Vaults:3 | Reached XP level 18. HP: 164/172 MP: 6/6
 17640 | Vaults:3 | Noticed Xtahua
 17656 | Vaults:3 | Killed Xtahua
 17737 | Vaults:3 | Noticed a tentacled monstrosity
 17765 | Vaults:3 | Killed a tentacled monstrosity
 17765 | Vaults:3 | Reached skill level 10 in Dodging
 17784 | Vaults:3 | Noticed a Tzitzimitl
 17786 | Vaults:3 | Reached skill level 20 in Invocations
 18567 | Vaults:4 | Identified the Guide on Poison
 19162 | Vaults:5 | Entered Level 5 of the Vaults
 19189 | Vaults:5 | Noticed Salmacis's ghost (veteran HOFi)
 19195 | Vaults:5 | Reached skill level 21 in Invocations
 19236 | Vaults:5 | HP: 44/175 [Salmacis's ghost (34)]
 19251 | Vaults:5 | HP: 48/175 [Salmacis's ghost (12)]
 19260 | Vaults:5 | Killed Salmacis's ghost
 19281 | Vaults:5 | Noticed a tentacled monstrosity
 19291 | Vaults:5 | Reached XP level 19. HP: 74/182 MP: 8/8
 19291 | Vaults:5 | HP: 72/182 [tentacled monstrosity (2)]
 19297 | Vaults:5 | HP: 56/182 [tengu reaver/vampiric halberd (3)]
 19365 | Vaults:5 | HP: 45/182 [storm dragon/bolt of lightning (29)]
 19370 | Vaults:5 | HP: 21/182 [storm dragon (6)]
 19375 | Vaults:5 | Noticed a golden dragon
 19377 | Vaults:5 | HP: 23/182 [storm dragon/bolt of lightning (19)]
 19382 | Vaults:5 | HP: 29/182 [golden dragon/bolt of fire (14)]
 19388 | Vaults:5 | HP: 35/182 [golden dragon/bolt of cold (21)]
 19389 | Vaults:5 | Killed from afar by a quicksilver dragon

Vault maps used:
D:1:      saegor_arrival_under_anarchy, serial_bayou, serial_bayou_shore_a,
          serial_bayou_ford_a, serial_bayou_pond_a, serial_bayou_crossing,
          minmay_tall_x
D:3:      first_ration, nicolae_qazlal_eye_of_the_storm
D:4:      nicolae_ru_awakened_eye, uniq_pikel
D:5:      uniq_grinder, uniq_eustachio, uniq_crazy_yiuf_cottage
D:7:      gammafunk_beogh_shrine, minmay_temple_entry_from_below_a,
          serial_shops, nicolae_shop_statue_plus, uniq_menkaure
D:8:      kennysheep_orc_sif_temple, marbit_many_paths,
          grunt_lair_entry_orc_guard_hut, enter_ossuary_1, uniq_grum,
          uniq_psyche, uniq_erica, uniq_prince_ribbit1
D:9:      overflow_temple_1_default, kennysheep_mini, uniq_erolcha
D:10:     serial_undead, serial_undead_f, serial_undead_c, serial_undead_b,
          serial_undead_e, serial_undead_c, serial_undead_c, serial_undead_a,
          serial_undead_e, uniq_fannar, uniq_maurice
D:11:     david_orc_3, serial_shops, kennysheep_little_box, shop
D:13:     hangedman_little_slice_of_home, uniq_frances, uniq_nessos
D:14:     grunt_vaults_entry_fortified, nicolae_ashenzari_panopticon
D:15:     gammafunk_depths_entry_grave, nrook_mini_vaults
Temple:   dpeg_five_rooms_temple
Lair:1:   portal_ice_cave_rime, grunt_megastairs_4, uniq_nergalle
Lair:3:   minmay_snake_entry_six_corridors, grunt_megastairs_5
Lair:4:   minmay_swamp_entry_reptiles, special_room, lab_entry_generic
Lair:5:   enter_volcano_2
Lair:6:   minmay_lair_end_frog_pond, slime_altar_1
Swamp:1:  nicolae_swamp_dense_foliage, hangedman_swamp_wriggling, uniq_roxanne
Swamp:2:  infiniplex_staircase_pool, swamp_pool1, uniq_jorgrun
Swamp:3:  nicolae_swamp_rocky_clearing, swamp_pool4,
          nicolae_swamp_oklob_treasure_island
Swamp:4:  swamp_fiery
Snake:1:  basic_altar, grunt_ministairs_6
Snake:2:  serial_bayou_pond_b, lemuel_fruit_tree
Snake:4:  johnstein_snake_rune_scales, uniq_vashnia
Vaults:1: ontoclasm_vaults_loading_screen, ontoclasm_vaults_idyll,
          nicolae_vaults_yaktaur_gun_rack, vaults_dpeg_hooks, v_misc_32,
          v_misc_12, dpeg_vaults_monster_box, vaults_dpeg_encased_lava
Vaults:2: hangedman_vaults_cutoff, vaults_standard_mumra_x, v_misc_4,
          nicolae_vaults_little_squares_3, v_misc_13,
          ontoclasm_vaults_claustrophobia, minmay_crypt_entry_simple_corners,
          nicolae_vaults_little_squares_3, v_misc_19,
          nicolae_vaults_little_squares_2, vaults_room_pool, basic_altar
Vaults:3: hangedman_vaults_locks, serial_ice_m, v_pattern_2,
          hangedman_vaults_impose, hangedman_vaults_hat, vaults_room_large_hall,
          hangedman_vaults_pinch, hangedman_vaults_nails,
          nicolae_vaults_network_barrier, v_misc_17, st_diamondy, v_misc_15,
          vaults_mumra_lcd, vaults_dpeg_ring, serial_shops,
          nicolae_shop_waterfront, uniq_xtahua
Vaults:4: v_misc_26, hangedman_vaults_snaps, nicolae_vaults_theta,
          v_alt_pattern_6, hangedman_vaults_slice,
          vaults_room_hangedman_quadrants, v_misc_10, v_alt_pattern_4,
          v_rooms_3, v_alt_pattern_4, serial_ice_b

Skill      XL: |  1  2  3  4  5  6  7  8  9 10 11 12 13 14 15 16 17 18 |
---------------+-------------------------------------------------------+-----
Fighting       | 3 4 5 6 7 8 9 10 11 12 13 14 | 14.2
Axes           | 3 4 5 6 8 9 11 12 14 15 16 17 18 | 18.0
Armour         | 5 6 7 8 10 | 10.6
Shields        | 5 6 7 8 10 11 12 13 14 15 16 | 16.4
Invocations    | 5 9 12 14 16 17 19 21 | 21.1
Dodging        | 2 5 7 9 11 | 11.1

Action                   |  1- 3 |  4- 6 |  7- 9 | 10-12 | 13-15 | 16-18 | 19-21 || total
-------------------------+-------+-------+-------+-------+-------+-------+-------++-------
Melee: War axe           |   139 |    35 |   346 |   814 |  1316 |  1256 |    27 ||  3933
Invok: Lesser Servant of |       |       |       |       |    33 |    37 |     4 ||    74
       Greater Servant o |       |       |       |       |     2 |     4 |     1 ||     7
 Abil: Heal Wounds       |       |       |    18 |    44 |     6 |    26 |     8 ||   102
Evoke: Wand              |       |       |     1 |    22 |    14 |     3 |       ||    40
  Use: Potion            |       |       |     1 |     3 |     5 |     7 |     3 ||    19
       Scroll            |       |       |       |    15 |    14 |    10 |       ||    39
 Stab: Paralysed         |       |       |     4 |       |       |       |       ||     4
       Distracted        |       |       |       |       |    10 |    15 |     2 ||    27
       Invisible         |       |       |       |       |       |     4 |       ||     4
  Eat: Chunk             |       |     1 |     6 |    14 |    18 |     9 |       ||    48
       Ration            |       |       |     5 |       |     2 |     2 |       ||     9
Armor: Scale mail        |    78 |    12 |   117 |       |       |       |       ||   207
       Plate armour      |       |       |    12 |   655 |   677 |   490 |    32 ||  1866
       Skin              |       |       |       |    19 |     9 |       |       ||    28
       Swamp dragon scal |       |       |       |       |    11 |       |       ||    11
Dodge: Dodged            |    50 |    10 |   104 |   199 |   242 |   200 |     9 ||   814
Block: Shield            |    72 |    17 |   184 |   633 |   363 |       |       ||  1269
       Large shield      |       |       |       |       |   569 |  1044 |    49 ||  1662

Table legend:
 A = Spawn XP
 B = Non-spawn XP
 C = Spawn XP percentage of total XP
 D = Spawn monster count
 E = Non-spawn monster count
 F = Spawn count percentage of total count
 G = Total turns spent on level
                    A         B        C        D         E        F      G
               +---------+---------+-------+---------+---------+-------+---------
         Total |       0 |  382982 |   0.0 |       0 |    1039 |   0.0 | 19389
               +---------+---------+-------+---------+---------+-------+---------
           D:1 |       0 |      27 |   0.0 |       0 |      15 |   0.0 |   322
           D:2 |       0 |      34 |   0.0 |       0 |      17 |   0.0 |   182
           D:3 |       0 |      27 |   0.0 |       0 |      11 |   0.0 |   240
           D:4 |       0 |     876 |   0.0 |       0 |      12 |   0.0 |   829
           D:5 |       0 |    1202 |   0.0 |       0 |      24 |   0.0 |   748
           D:6 |       0 |     636 |   0.0 |       0 |      16 |   0.0 |   597
           D:7 |       0 |    2646 |   0.0 |       0 |      34 |   0.0 |   775
           D:8 |       0 |    7072 |   0.0 |       0 |      58 |   0.0 |  1546
           D:9 |       0 |    1728 |   0.0 |       0 |      17 |   0.0 |   327
          D:10 |       0 |    1997 |   0.0 |       0 |      23 |   0.0 |   290
          D:11 |       0 |    3781 |   0.0 |       0 |      32 |   0.0 |   426
          D:12 |       0 |    1994 |   0.0 |       0 |      14 |   0.0 |   181
          D:13 |       0 |   11013 |   0.0 |       0 |      43 |   0.0 |  1092
          D:14 |       0 |    9681 |   0.0 |       0 |      24 |   0.0 |   756
          D:15 |       0 |    5943 |   0.0 |       0 |      13 |   0.0 |   178
        Lair:1 |       0 |    4873 |   0.0 |       0 |      15 |   0.0 |   792
        Lair:2 |       0 |    7681 |   0.0 |       0 |      29 |   0.0 |   841
        Lair:3 |       0 |    7826 |   0.0 |       0 |      36 |   0.0 |   609
        Lair:4 |       0 |    4374 |   0.0 |       0 |      30 |   0.0 |   803
        Lair:5 |       0 |    4496 |   0.0 |       0 |      18 |   0.0 |   767
        Lair:6 |       0 |   28497 |   0.0 |       0 |      84 |   0.0 |   972
       Swamp:1 |       0 |    2558 |   0.0 |       0 |      12 |   0.0 |   210
       Swamp:2 |       0 |    7302 |   0.0 |       0 |      18 |   0.0 |   210
       Swamp:3 |       0 |    4025 |   0.0 |       0 |       7 |   0.0 |   105
       Swamp:4 |       0 |   23269 |   0.0 |       0 |      58 |   0.0 |   434
       Snake:1 |       0 |    4603 |   0.0 |       0 |      10 |   0.0 |   163
       Snake:2 |       0 |    6837 |   0.0 |       0 |      16 |   0.0 |   246
       Snake:3 |       0 |    1112 |   0.0 |       0 |       3 |   0.0 |    34
       Snake:4 |       0 |   54191 |   0.0 |       0 |      82 |   0.0 |   918
      Vaults:1 |       0 |    6651 |   0.0 |       0 |      11 |   0.0 |   150
      Vaults:2 |       0 |   26782 |   0.0 |       0 |      53 |   0.0 |   377
      Vaults:3 |       0 |   77097 |   0.0 |       0 |     116 |   0.0 |  1495
      Vaults:4 |       0 |   41868 |   0.0 |       0 |      68 |   0.0 |  1037
      Vaults:5 |       0 |   17109 |   0.0 |       0 |      17 |   0.0 |   227
       Abyss:1 |       0 |    3174 |   0.0 |       0 |       3 |   0.0 |   274
               +---------+---------+-------+---------+---------+-------+---------
